 Dungeon Crawl Stone Soup version 0.28.0-53-g5a82cb258f (webtiles) character file.

Game seed: 1987626650768792088

168 pkoi the Gusty (level 5, -3/38 HPs)
             Began as a Demigod Air Elementalist on May 24, 2022.
             Slain by a wyvern zombie (5 damage)
             ... on level 4 of the Dungeon.
             The game lasted 00:03:53 (4310 turns).

pkoi the Gusty (Demigod Air Elementalist)           Turns: 4310, Time: 00:03:54

Health: -3/38      AC:  3    Str:  9    XL:     5   Next: 3%
Magic:  2/10       EV: 16    Int: 21    God:
Gold:   75         SH:  0    Dex: 14    Spells: 5/8 levels left

rFire   . . .      SeeInvis .   n - +3 dagger (venom)
rCold   . . .      Faith    .   (no shield)
rNeg    . . .      Spirit   .   a - +0 robe
rPois   .          Reflect  .   p - +0 helmet
rElec   .          Harm     .   (no cloak)
rCorr   .          Rampage  .   (no gloves)
Will    .....                   (no boots)
Stlth   ++........              (no amulet)
HPRegen 0.12/turn               j - +4 ring of evasion
MPRegen 0.12/turn               (no ring)

@: brilliant
A: high MP 1, forlorn, divine attributes
a: no special abilities


You were on level 4 of the Dungeon.
You visited 1 branch of the dungeon, and saw 4 of its levels.

You collected 75 gold pieces.

Inventory:

Hand Weapons
 d - a +0 whip
 h - a +3 dagger of speed
 k - a +1 dagger of venom
 n - a +3 dagger of venom (weapon)
Armour
 a - a +0 robe (worn)
 p - a +0 helmet (worn)
Jewellery
 c - a ring of protection from cold
 e - an amulet of guardian spirit
 i - a +4 ring of evasion
 j - a +4 ring of evasion (left hand)
Scrolls
 b - a scroll of silence
 g - a scroll of blinking
Potions
 f - a potion of heal wounds {unknown}
 l - a potion of attraction
 m - a potion of brilliance


   Skills:
 - Level 1.7 Dodging
 - Level 1.7 Stealth
 - Level 2.0 Spellcasting
 - Level 1.0 Conjurations
 + Level 5.3 Air Magic


You had 5 spell levels left.
You knew the following spells:

 Your Spells              Type           Power      Damage    Failure   Level
a - Shock                 Conj/Air       92%        1d8       4%          1
b - Static Discharge      Conj/Air       23%        N/A       6%          2

Your spell library contained the following spells:

 Spells                   Type           Power      Damage    Failure   Level
 Swiftness                Air            37%        N/A       4%          3
 Airstrike                Air            18%        N/A       16%         4
 Call Imp                 Summ           3%         N/A       22%         2
 Ice Form                 Ice/Tmut       3%         N/A       82%         4
 Haunt                    Necr/Summ      1%         N/A       100%        7
 Monstrous Menagerie      Summ           1%         N/A       100%        7


Dungeon Overview and Level Annotations

Branches:
Dungeon (4/15)
 Temple: D:4-7

Annotations:
D:3 1 runed translucent door, Crazy Yiuf
D:4 2 transporters


Innate Abilities, Weirdness & Mutations

You have an increased reservoir of magic. (+10% MP)
You shall have no god before yourself.
Your divine heritage dramatically boosts your attributes as you level up.


Message History

You can't see any susceptible monsters within range! (Use Z to cast anyway.)
You now have 75 gold pieces (gained 6).
You see here a +0 dagger of flaming.
Search for what [? for help]? glov A wyvern zombie comes into view.
The wyvern zombie moves out of view.
Casting: Shock (safe; 4% risk of failure)
Confirm with . or Enter, or press ? or * to list all spells.
The wyvern zombie is struck by an arc of lightning!
The wyvern zombie is lightly damaged.
You are struck by an arc of lightning.
The lightning grounds out.
The wyvern zombie bites you!
* * * LOW HITPOINT WARNING * * *
Casting: Static Discharge (safe; 6% risk of failure)
Confirm with . or Enter, or press ? or * to list all spells.
The wyvern zombie is struck by an arc of lightning!
The wyvern zombie is moderately damaged.
The lightning grounds out.
The wyvern zombie bites you!
* * * LOW HITPOINT WARNING * * *
The wyvern zombie barely misses you.
Casting: Static Discharge (safe; 6% risk of failure)
Confirm with . or Enter, or press ? or * to list all spells.
The wyvern zombie is struck by an arc of lightning.
The wyvern zombie is heavily damaged.
You are struck by an arc of lightning.
* * * LOW HITPOINT WARNING * * *
The lightning grounds out.
The wyvern zombie bites you.
* * * LOW HITPOINT WARNING * * *
Casting: Static Discharge (safe; 6% risk of failure)
Confirm with . or Enter, or press ? or * to list all spells.
The wyvern zombie is struck by an arc of lightning.
The wyvern zombie is heavily damaged.
You are struck by an arc of lightning.
* * * LOW HITPOINT WARNING * * *
The lightning grounds out.
The wyvern zombie bites you!
* * * LOW HITPOINT WARNING * * *
It was a potion of brilliance.
You feel clever all of a sudden. The wyvern zombie bites you.
You die...

###.........###.#......
#........## #.# #####
#........# #.#
#.##...### #)#
#.##...## #.#
###...###.#####..
#....## ##....####
#.##..###.###.# #
#.#.#@####.#
#.##.Z.....#
#.##.......#
#..#.........
##.#.........
.##........ #.#.##.##
#.#.# .# .#[#


You could see a wyvern zombie.

Vanquished Creatures
  An orc priest (D:3)
  Jessica (D:3)
  Robin (D:3)
  2 adders (D:2)
  2 worms
  2 dart slugs
  2 orcs (D:3)
  9 bats
  2 endoplasms
  2 giant cockroaches
  14 goblins
  5 hobgoblins
  3 jackals (D:2)
  3 quokkas
  9 ball pythons
  3 frilled lizards (D:2)
  7 kobolds
  2 rats
70 creatures vanquished.

Notes
Turn   | Place    | Note
-------+----------+-------------------------------------------
     0 | D:1      | pkoi the Demigod Air Elementalist began the quest for the
                  | Orb.
     0 | D:1      | Reached XP level 1. HP: 14/14 MP: 5/5
   275 | D:1      | Reached skill level 3 in Air Magic
   524 | D:1      | Reached XP level 2. HP: 20/20 MP: 5/7
   818 | D:1      | Learned a level 2 spell: Static Discharge
   875 | D:1      | Got Uligapti's Tome of Creative Ice
  1646 | D:2      | Reached XP level 3. HP: 26/26 MP: 5/8
  1692 | D:2      | Reached skill level 4 in Air Magic
  1737 | D:2      | Reached skill level 1 in Conjurations
  2758 | D:3      | Noticed Jessica
  2762 | D:3      | Killed Jessica
  2763 | D:3      | Reached XP level 4. HP: 33/33 MP: 9/9
  2846 | D:3      | Found a runed translucent door.
  2847 | D:3      | Noticed Crazy Yiuf
  3029 | D:3      | Reached skill level 5 in Air Magic
  3332 | D:3      | Noticed Robin
  3530 | D:3      | Killed Robin
  4050 | D:4      | Reached XP level 5. HP: 38/38 MP: 6/10
  4170 | D:4      | Found a transporter.
  4226 | D:4      | Found a transporter.
  4310 | D:4      | Slain by a wyvern zombie

Illustrated notes

Levels and vault maps discovered:
D:1:      dpeg_arrival_snail, layout_rooms, shapermc_ecumenical_altar_petra
D:2:      layout_basic, corexii_item_surrounded_by_moat, minmay_tiny_reverse_x
D:3:      layout_basic, lemuel_doored_altar, uniq_jessica, uniq_robin,
          uniq_crazy_yiuf_cottage
D:4:      gammafunk_wand_slinger, layout_loops_ring,
          grunt_dithmenos_smoke_and_mirrors, minmay_divided_ellipse

Skill      XL: |  1  2  3  4 |
---------------+-------------+-----
Air Magic      | 3 4 5 |  5.3
Conjurations   | 1 |  1.0
Spellcasting   | 2 |  2.0
Dodging        | |  1.7
Stealth        | |  1.7

Action                   |  1- 3 |  4- 6 || total
-------------------------+-------+-------++-------
Melee: Dagger            |    25 |     8 ||    33
 Cast: Shock             |    77 |    51 ||   128
       Static Discharge  |     2 |     4 ||     6
  Use: Scroll            |     6 |     2 ||     8
       Potion            |       |     1 ||     1
 Stab: Sleeping          |     1 |       ||     1
Armor: Robe              |     7 |     1 ||     8
Dodge: Dodged            |    29 |     6 ||    35
